 Dungeon Crawl Stone Soup version 0.14-a0-2119-ge69afc6 (webtiles) character file.

159 Mitsuki the Vexing (level 4, -2/30 HPs)
             Began as a Vampire Enchanter on Jan 26, 2014.
             Slain by a gnoll
             ... wielding a +0,+0 halberd
              (11 damage)
             ... on Level 2 of the Dungeon.
             The game lasted 00:04:58 (1982 turns).

Mitsuki the Vexing (Vampire Enchanter)              Turns: 1982, Time: 00:04:59

HP  -2/30        AC  5     Str  8      XL: 4   Next: 28%
MP   1/7         EV 12     Int 17      God:
Gold 72          SH  0     Dex 14      Spells:  3 memorised,  1 level left

rFire  . . .     SeeInvis +     a - +1 dagger
rCold  + + .     Clarity  .     b - +1 robe
rNeg   + + +     Conserve .     (no shield)
rPois  +         rCorr    .     n - +0 orc helmet
rElec  .         rRot     +     g - +0 cloak (curse)
SustAb . .       Spirit   .     (no gloves)
rMut   .         Warding  .     (no boots)
Saprov . . .     Stasis   .     (no amulet)
MR     .....                    (no ring)
                                (no ring)

@: regenerating slowly, not resistant to hostile enchantments, quite stealthy
A: fangs 3, see invisible, unbreathing
a: Bat Form


You were on level 2 of the Dungeon.
You were near bloodless.

You visited 1 branch of the dungeon, and saw 2 of its levels.

You collected 72 gold pieces.

Inventory:

Hand weapons
 a - a +1,+1 dagger (weapon)
Missiles
 d - 12 darts (quivered)
Armour
 b - a +1 robe (worn)
 g - a cursed +0 cloak (worn)
 n - a +0 orcish helmet (worn)
Scrolls
 f - a scroll of fog {unknown}
 h - 2 scrolls of amnesia {unknown}
 i - a scroll of magic mapping {unknown}
 j - a scroll of teleportation {unknown}
 k - a scroll of curse armour {unknown}
 l - 2 scrolls of identify {unknown}
 m - a scroll of fear {unknown}
Jewellery
 p - an uncursed amulet of guardian spirit {unknown}
Potions
 e - a potion of blood
 o - a potion of might {unknown}
Books
 c - a book of Maledictions

   Spells                             Type                      Level
   *Corona                            Hexes                        1
   Sure Blade                         Hexes/Charms                 2
   *Ensorcelled Hibernation           Hexes/Ice                    2
   *Confuse                           Hexes                        3
   Enslavement                        Hexes                        4
   Invisibility                       Hexes                        6


   Skills:
 - Level 1.1 Short Blades
 - Level 0.7 Throwing
 - Level 2.1 Dodging
 + Level 5.6 Stealth
 - Level 2.0 Spellcasting
 + Level 5.9 Hexes
 - Level 0.2 Ice Magic


You had one spell level left.
You knew the following spells:

 Your Spells              Type           Power        Failure   Level  Hunger
a - Ensorcelled Hibernat  Hex/Ice        ##....       10%         2    ###....
b - Confuse               Hex            ###.....     8%          3    ####...
c - Corona                Hex            ###....      1%          1    #......


Dungeon Overview and Level Annotations

Branches:
Dungeon (2/16)

Altars:


Innate Abilities, Weirdness & Mutations

You heal slowly.
You have razor-sharp teeth.*
You have supernaturally acute eyesight.
You can survive without breathing.*


Message History

You bite the gnoll, and draw its blood!
You feel better.
You feel slightly less thirsty.
You impale the gnoll!!
You kill the gnoll!
The gnoll hits you but does no damage. The gnoll closely misses you.
You see here a gnoll corpse.
You barely miss the gnoll. The gnoll closely misses you.
You barely miss the gnoll. You hit the gnoll but do no damage.
The gnoll barely misses you.
Casting: Ensorcelled Hibernation
Confirm with . or Enter, or press ? or * to list all spells.
You don't have enough magic to cast that spell.
You closely miss the gnoll. The gnoll misses you.
You barely miss the gnoll. The gnoll completely misses you.
You hit the gnoll.
The gnoll is heavily wounded.
You hit the gnoll but do no damage.
The gnoll is heavily wounded.
The gnoll hits you with a halberd!
You die...

..%.....##'### ######'##
.#%#.#.###.# ##.# .%......#..#
#..# .#.#.#.#).## ##.##
..<.....g## #..# .#.#.#.#.# #.##
.........####### ##'### ##
.#.#.#.#.......#######....# #.
...............g@...##....#### #.
.#.#.#.#.......####.##....'..###.
#######.)......# #..(.)..##...'.
# ##.####### ####....######. #
#.# #....# ## # #.# ##.### ##
#.## #.# .# #..# #.# ## .# ##.#
####'### ###.


You could see a gnoll.

Vanquished Creatures
  2 gnolls (D:2)
  An adder (D:2)
  2 giant mites (D:2)
  An inept feature mimic (D:2)
  A worm (D:2)
  A giant gecko (D:2)
  3 hobgoblins (D:1)
  3 jackals
  A quokka (D:2)
  2 bats
  A giant cockroach (D:2)
  5 giant newts
  4 goblins
  4 kobolds
  6 rats
37 creatures vanquished.

Notes
Turn   | Place    | Note
--------------------------------------------------------------
     0 | D:1      | Mitsuki, the Vampire Enchanter, began the quest for the Orb.
     0 | D:1      | Reached XP level 1. HP: 13/13 MP: 3/3
   160 | D:1      | Reached skill level 5 in Hexes
   464 | D:1      | Reached XP level 2. HP: 14/19 MP: 4/4
   645 | D:1      | Learned a level 2 spell: Ensorcelled Hibernation
  1081 | D:2      | Reached XP level 3. HP: 24/24 MP: 0/6
  1496 | D:2      | Learned a level 3 spell: Confuse
  1894 | D:2      | Reached skill level 5 in Stealth
  1931 | D:2      | Reached XP level 4. HP: 27/30 MP: 0/7
  1982 | D:2      | Slain by a gnoll

Action                   |  1- 3 |  4- 6 || total
-------------------------+-------+-------++-------
Melee: Dagger            |   119 |    12 ||   131
 Cast: Ensorcelled Hiber |    13 |     2 ||    15
  Use: Potion            |     2 |       ||     2
 Stab: Sleeping          |    16 |     1 ||    17
